General information
- name: BNet
- type: Ladder team game (AT/RT)
- host: Battle.net
- saver: teelo
map: DragonFalls
- players: 8
- length: 27:21
- speed: Fast
- version: 1.26 W3XP
- replay type: Public
» download(163 KB)
Players
team 1 (winner)
Zerdel.x (
green | 54 APM | 1476 actions | 27:20)
6 Mountain King
3 Storm Bolt
2 Bash
1 Avatar
5 Paladin
3 Holy Light
1 Devotion Aura
1 Divine Shield
5 Archmage
3 Summon Water Elemental
2 Brilliance Aura
» actions
| Build / train | 85 | |
| Enter build submenu | 21 | |
| Enter hero's abilities submenu | 16 | |
| Give item / drop item | 8 | |
| Right click | 850 | |
| Select / deselect | 399 | |
| Use ability | 97 | |
1476 total
» units
| Peasant | 12 | |
| Footman | 10 | |
| Knight | 6 | |
| Siege Engine | 4 | |
| Spell Breaker | 7 | |
| Mortar Team | 2 | |
41 total
» upgrades
| Lumber Harvesting | 2 | |
| Gunpowder | 2 | |
| Plating | 1 | |
| Barrage | 1 | |
| Swords | 2 | |
8 total
» buildings
| Farm | 9 | |
| Barracks | 2 | |
| Altar of Kings | 1 | |
| Lumber Mill | 2 | |
| Keep | 2 | |
| Arcane Vault | 1 | |
| Town Hall | 2 | |
| Castle | 2 | |
| Blacksmith | 1 | |
| Workshop | 1 | |
| Arcane Sanctum | 1 | |
24 total
» build order
00:25 Farm
00:40 Barracks
01:10 Farm
01:25 Altar of Kings
01:45 Lumber Mill
02:36 Farm
02:59 Keep
03:15 Farm
03:26 Arcane Vault
04:46 Town Hall
06:05 Castle
06:38 Blacksmith
08:03 Workshop
08:43 Farm
09:50 Arcane Sanctum
10:00 Farm
10:47 Lumber Mill
13:44 Farm
16:28 Farm
16:39 Barracks
19:35 Town Hall
19:38 Keep
24:44 Castle
26:39 Farm
» items
| Scroll of Regeneration | 3 | |
| Orb of Fire | 2 | |
| Potion of Healing | 4 | |
| Scroll of Town Portal | 3 | |
| Orb of Lightning | 1 | |
13 total

»
Pinch.A.Loaf (
pink | 33 APM | 902 actions | 27:20)
6 Blademaster
2 Critical Strike
3 Wind Walk
1 Bladestorm
» actions
| Basic commands | 5 | |
| Build / train | 105 | |
| Enter build submenu | 34 | |
| Enter hero's abilities submenu | 6 | |
| Give item / drop item | 1 | |
| Remove unit from queue | 14 | |
| Right click | 287 | |
| Select / deselect | 369 | |
| Use ability | 81 | |
902 total
» units
| Peon | 22 | |
| Grunt | 5 | |
| Wind Rider | 16 | |
| Troll Batrider | 5 | |
| Troll Headhunter/Berserker | 14 | |
62 total
» upgrades
| Armor | 3 | |
| Melee Weapons | 0 | |
| Envenomed Spears | 1 | |
| Ranged Weapons | 3 | |
| Liquid Fire | 1 | |
| Berserker Upgrade | 1 | |
| Troll Regeneration | 1 | |
10 total
» buildings
| Orc Burrow | 18 | |
| Altar of Storms | 1 | |
| Barracks | 1 | |
| War Mill | 1 | |
| Voodoo Lounge | 4 | |
| Watch Tower | 1 | |
| Stronghold | 1 | |
| Great Hall | 4 | |
| Fortress | 1 | |
| Beastiary | 3 | |
35 total
» build order
00:35 Orc Burrow
00:38 Altar of Storms
01:02 Barracks
01:19 Orc Burrow
01:27 War Mill
02:12 Voodoo Lounge
03:24 Orc Burrow
03:53 Watch Tower
04:57 Stronghold
05:29 Great Hall
08:02 Fortress
08:09 Beastiary
08:12 Beastiary
10:29 Orc Burrow
10:41 Orc Burrow
15:57 Orc Burrow
15:59 Orc Burrow
16:27 Beastiary
19:22 Orc Burrow
19:24 Orc Burrow
19:27 Orc Burrow
19:29 Orc Burrow
19:33 Orc Burrow
22:18 Orc Burrow
22:20 Orc Burrow
22:23 Orc Burrow
22:25 Orc Burrow
22:27 Orc Burrow
24:08 Great Hall
24:52 Orc Burrow
24:56 Voodoo Lounge
26:53 Great Hall
26:57 Voodoo Lounge
27:01 Great Hall
27:05 Voodoo Lounge
» items
| Healing Salve | 6 | |
| Lesser Clarity Potion | 1 | |
| Orb of Lightning | 1 | |
| Scroll of Town Portal | 1 | |
9 total

»
teelo (
yellow | 53 APM | 1451 actions | 27:21)
6 Goblin Tinker
3 Pocket Factory
2 Engineering Upgrade
1 Robo-Goblin
» actions
| Assign group hotkey | 37 | |
| Basic commands | 53 | |
| Build / train | 80 | |
| ESC pressed | 1 | |
| Enter build submenu | 15 | |
| Enter hero's abilities submenu | 6 | |
| Give item / drop item | 1 | |
| Right click | 553 | |
| Select / deselect | 265 | |
| Select group hotkey | 364 | |
| Use ability | 76 | |
1451 total
» units
| Wisp | 17 | |
| Glaive Thrower | 7 | |
| Goblin Zeppelin | 3 | |
| Hippogryph | 21 | |
48 total
» upgrades
| Strength of the Moon | 2 | |
| Ultravision | 1 | |
| Nature's Blessing | 1 | |
| Vorpal Blades | 1 | |
| Strength of the Wild | 3 | |
| Reinforced Hides | 3 | |
| Well Spring | 1 | |
12 total
» buildings
| Altar of Elders | 1 | |
| Moon Well | 4 | |
| Ancient of War | 2 | |
| Hunter's Hall | 1 | |
| Ancient of Wonders | 1 | |
| Tree of Ages | 1 | |
| Ancient of Wind | 3 | |
| Tree of Eternity | 1 | |
| Tree of Life | 1 | |
15 total
» build order
00:23 Altar of Elders
00:48 Moon Well
01:44 Ancient of War
01:54 Moon Well
02:34 Hunter's Hall
02:49 Ancient of Wonders
03:16 Ancient of War
04:19 Tree of Ages
04:21 Moon Well
04:22 Moon Well
07:38 Ancient of Wind
12:21 Tree of Eternity
15:17 Ancient of Wind
15:18 Ancient of Wind
22:07 Tree of Life
» items
| Lesser Clarity Potion | 3 | |
| Scroll of Town Portal | 1 | |
| Potion of Invisibility | 1 | |
| Scroll of Healing | 1 | |
| Boots of Speed | 1 | |
| Staff of Teleportation | 1 | |
| Orb of Venom | 1 | |
| Potion of Healing | 1 | |
| Scroll of Speed | 1 | |
11 total

»
Duderino (
blue | 50 APM | 1376 actions | 27:20)
6 Priestess of the Moon
2 Searing Arrows
3 Trueshot Aura
1 Starfall
5 Demon Hunter
2 Mana Burn
3 Evasion
» actions
| Assign group hotkey | 48 | |
| Build / train | 90 | |
| ESC pressed | 3 | |
| Enter build submenu | 14 | |
| Enter hero's abilities submenu | 12 | |
| Remove unit from queue | 1 | |
| Right click | 554 | |
| Select / deselect | 271 | |
| Select group hotkey | 328 | |
| Use ability | 55 | |
1376 total
» units
| Wisp | 23 | |
| Archer | 1 | |
| Huntress | 6 | |
| Dryad | 9 | |
| Druid of the Claw | 5 | |
44 total
» upgrades
| Strength of the Moon | 3 | |
| Moon Armor | 1 | |
| Sentinel | 1 | |
| Abolish Magic | 1 | |
| Strength of the Wild | 3 | |
| Druid of the Claw Training | 2 | |
| Upgrade Moon Glaive | 1 | |
| Mark of the Claw | 1 | |
| Reinforced Hides | 3 | |
| Well Spring | 1 | |
17 total
» buildings
| Altar of Elders | 1 | |
| Moon Well | 6 | |
| Ancient of War | 1 | |
| Hunter's Hall | 1 | |
| Ancient of Wonders | 1 | |
| Tree of Ages | 1 | |
| Ancient of Lore | 2 | |
| Tree of Life | 1 | |
| Tree of Eternity | 1 | |
15 total
» build order
00:08 Altar of Elders
00:17 Moon Well
00:36 Ancient of War
01:55 Hunter's Hall
02:11 Moon Well
02:53 Ancient of Wonders
03:29 Moon Well
04:43 Tree of Ages
06:36 Moon Well
07:30 Ancient of Lore
07:48 Ancient of Lore
09:54 Tree of Life
10:45 Tree of Eternity
11:57 Moon Well
11:58 Moon Well
» items
| Lesser Clarity Potion | 1 | |
| Potion of Healing | 4 | |
| Staff of Preservation | 1 | |
| Orb of Venom | 1 | |
| Scroll of Town Portal | 4 | |
| Anti-magic Potion | 1 | |
12 total
team 2 (loser)
MR_CHERYY_POP (
orange | 60 APM | 1416 actions | 23:45)
4 Mountain King
2 Storm Bolt
2 Thunder Clap
2 Paladin
1 Holy Light
1 Divine Shield
1 Pit Lord
1 Rain of Fire
» actions
| Basic commands | 1 | |
| Build / train | 94 | |
| Enter build submenu | 42 | |
| Enter hero's abilities submenu | 7 | |
| Give item / drop item | 2 | |
| Right click | 691 | |
| Select / deselect | 489 | |
| Use ability | 90 | |
1416 total
» units
| Peasant | 17 | |
| Footman | 6 | |
| Knight | 14 | |
| Sorceress | 4 | |
| Goblin Shredder | 1 | |
| Priest | 2 | |
| Rifleman | 1 | |
45 total
» upgrades
| Lumber Harvesting | 2 | |
| Magic Sentry | 1 | |
| Plating | 3 | |
| Sorceress Training | 2 | |
| Priest Training | 2 | |
| Swords | 3 | |
| Masonry | 2 | |
| Animal War Training | 1 | |
16 total
» buildings
| Altar of Kings | 1 | |
| Farm | 14 | |
| Barracks | 4 | |
| Scout Tower | 14 | |
| Arcane Tower | 4 | |
| Lumber Mill | 1 | |
| Arcane Vault | 1 | |
| Guard Tower | 9 | |
| Keep | 1 | |
| Town Hall | 1 | |
| Blacksmith | 1 | |
| Castle | 1 | |
| Arcane Sanctum | 2 | |
54 total
» build order
00:10 Altar of Kings
00:14 Farm
00:19 Barracks
00:24 Farm
00:28 Barracks
01:03 Farm
02:03 Scout Tower
02:33 Arcane Tower
02:36 Scout Tower
02:41 Farm
02:58 Lumber Mill
03:13 Scout Tower
03:28 Arcane Vault
03:40 Arcane Tower
04:02 Farm
04:03 Guard Tower
04:19 Scout Tower
06:06 Keep
06:11 Town Hall
07:00 Farm
07:03 Guard Tower
07:13 Scout Tower
07:35 Blacksmith
07:42 Barracks
07:48 Scout Tower
07:54 Guard Tower
07:56 Scout Tower
08:16 Farm
08:31 Guard Tower
08:32 Castle
08:36 Arcane Sanctum
08:41 Scout Tower
08:42 Arcane Tower
09:45 Arcane Sanctum
09:48 Farm
10:13 Farm
11:25 Farm
12:34 Farm
13:29 Scout Tower
15:10 Guard Tower
15:11 Scout Tower
16:14 Barracks
16:28 Farm
16:33 Scout Tower
16:34 Guard Tower
17:09 Farm
17:12 Arcane Tower
17:15 Scout Tower
17:47 Farm
19:50 Guard Tower
20:10 Scout Tower
20:11 Guard Tower
20:28 Scout Tower
21:07 Guard Tower
» items
| Scroll of Regeneration | 3 | |
| Potion of Lesser Invulnerability | 1 | |
| Boots of Speed | 1 | |
| Orb of Fire | 1 | |
| Lesser Clarity Potion | 1 | |
| Scroll of Town Portal | 2 | |
9 total

»
Blade_Knight (
purple | 51 APM | 1353 actions | 26:42)
6 Warden
3 Shadow Strike
2 Blink
1 Spirit of Vengeance
» actions
| Assign group hotkey | 31 | |
| Basic commands | 23 | |
| Build / train | 86 | |
| Enter build submenu | 16 | |
| Enter hero's abilities submenu | 8 | |
| Give item / drop item | 1 | |
| Remove unit from queue | 2 | |
| Right click | 498 | |
| Select / deselect | 371 | |
| Select group hotkey | 258 | |
| Use ability | 59 | |
1353 total
» units
| Wisp | 12 | |
| Archer | 4 | |
| Huntress | 6 | |
| Hippogryph | 18 | |
| Chimaera | 8 | |
| Frost Wyrm | 9 | |
| Crypt Fiend | 3 | |
60 total
» upgrades
| Ultravision | 1 | |
| Reinforced Hides | 1 | |
| Creature Carapace | 2 | |
| Creature Attack | 2 | |
| Unholy Armor | 1 | |
| Freezing Breath | 1 | |
| Corrosive Breath | 1 | |
| Strength of the Wild | 2 | |
11 total
» buildings
| Altar of Elders | 1 | |
| Moon Well | 6 | |
| Ancient of War | 1 | |
| Ancient of Wonders | 1 | |
| Hunter's Hall | 1 | |
| Tree of Ages | 2 | |
| Ancient Protector | 1 | |
| Tree of Eternity | 1 | |
| Ancient of Wind | 1 | |
| Chimaera Roost | 1 | |
16 total
» build order
00:24 Altar of Elders
00:31 Moon Well
00:38 Ancient of War
01:37 Moon Well
01:58 Ancient of Wonders
02:35 Hunter's Hall
03:25 Tree of Ages
03:25 Tree of Ages
04:13 Ancient Protector
04:39 Moon Well
07:00 Tree of Eternity
07:03 Ancient of Wind
07:21 Moon Well
08:11 Moon Well
09:29 Chimaera Roost
11:50 Moon Well
» items
Julia (
red | 45 APM | 627 actions | 14:02)
2 Death Knight
1 Death Coil
1 Unholy Aura
2 Pit Lord
1 Cleaving Attack
1 Howl of Terror
1 Dreadlord
1 Sleep
» actions
| Assign group hotkey | 15 | |
| Basic commands | 3 | |
| Build / train | 47 | |
| Enter build submenu | 20 | |
| Enter hero's abilities submenu | 5 | |
| Give item / drop item | 2 | |
| Remove unit from queue | 1 | |
| Right click | 158 | |
| Select / deselect | 88 | |
| Select group hotkey | 251 | |
| Use ability | 37 | |
627 total
» units
| Acolyte | 11 | |
| Ghoul | 9 | |
| Frost Wyrm | 2 | |
| Crypt Fiend | 5 | |
27 total
» upgrades
| Ghoul Frenzy | 1 | |
| Creature Attack | 1 | |
| Creature Carapace | 1 | |
| Web | 1 | |
| Burrow | 1 | |
5 total
» buildings
| Graveyard | 2 | |
| Crypt | 2 | |
| Altar of Darkness | 1 | |
| Ziggurat | 12 | |
| Halls of the Dead | 1 | |
| Necropolis | 1 | |
| Black Citadel | 1 | |
| Sacrificial Pit | 1 | |
| Boneyard | 2 | |
| Tomb of Relics | 1 | |
24 total
» build order
00:59 Graveyard
01:01 Crypt
01:07 Altar of Darkness
01:10 Ziggurat
01:16 Ziggurat
03:06 Halls of the Dead
03:26 Ziggurat
05:01 Necropolis
05:32 Black Citadel
07:22 Sacrificial Pit
07:24 Ziggurat
07:26 Ziggurat
07:28 Ziggurat
07:29 Ziggurat
08:13 Ziggurat
08:20 Boneyard
08:23 Boneyard
09:25 Graveyard
09:31 Tomb of Relics
09:34 Ziggurat
09:35 Ziggurat
09:52 Ziggurat
09:53 Ziggurat
11:32 Crypt
» items
| Scroll of Town Portal | 1 | |
| Orb of Corruption | 1 | |
2 total

»
Rickessy (
teal | 21 APM | 578 actions | 27:19)
5 Paladin
3 Devotion Aura
2 Holy Light
1 Death Knight
1 Unholy Aura
2 Dreadlord
2 Vampiric Aura
1 Pit Lord
1 Cleaving Attack
» actions
| Assign group hotkey | 5 | |
| Basic commands | 17 | |
| Build / train | 85 | |
| Enter build submenu | 19 | |
| Enter hero's abilities submenu | 10 | |
| Give item / drop item | 1 | |
| Right click | 118 | |
| Select / deselect | 177 | |
| Select group hotkey | 102 | |
| Use ability | 44 | |
578 total
» units
| Peasant | 15 | |
| Gryphon Rider | 12 | |
| Priest | 7 | |
| Sorceress | 5 | |
39 total
» upgrades
| Masonry | 3 | |
| Lumber Harvesting | 2 | |
| Swords | 3 | |
| Armor | 3 | |
| Storm Hammers | 1 | |
| Priest Training | 2 | |
| Sorceress Training | 2 | |
| Animal War Training | 1 | |
17 total
» buildings
| Altar of Kings | 1 | |
| Farm | 7 | |
| Lumber Mill | 1 | |
| Scout Tower | 3 | |
| Keep | 1 | |
| Guard Tower | 4 | |
| Arcane Vault | 1 | |
| Blacksmith | 1 | |
| Castle | 1 | |
| Gryphon Aviary | 1 | |
| Arcane Sanctum | 1 | |
| Barracks | 1 | |
| Town Hall | 1 | |
24 total
» build order
00:08 Altar of Kings
00:21 Farm
01:02 Farm
01:07 Lumber Mill
01:48 Farm
02:31 Scout Tower
02:39 Keep
03:03 Guard Tower
03:07 Arcane Vault
04:19 Scout Tower
05:05 Blacksmith
05:08 Castle
05:16 Guard Tower
06:30 Gryphon Aviary
07:52 Arcane Sanctum
09:09 Barracks
11:08 Farm
11:59 Farm
12:51 Farm
15:47 Farm
17:31 Scout Tower
19:17 Guard Tower
20:33 Town Hall
26:35 Guard Tower
» items
| Potion of Healing | 11 | |
| Orb of Fire | 1 | |
| Scroll of Town Portal | 1 | |
13 total
Chat log
(02:51 / Allies) Zerdel.x: knights
(02:52 / Allies) Zerdel.x: tanks
(02:52 / Allies) Zerdel.x: mk
(02:53 / Allies) Zerdel.x: pall
(02:55 / Allies) Zerdel.x: pally
(02:56 / Allies) Zerdel.x: horsy
(04:37 / Allies) teelo: lawl
(04:39 / Allies) teelo: pulls all
(04:48 / Allies) Zerdel.x: lol
(09:07 / Allies) Pinch.A.Loaf: frosties
(12:00 / Allies) teelo: so team
(12:03 / Allies) teelo: do you speak english?
(12:06 / Allies) Zerdel.x: yes
(12:14 / Allies) teelo: how about some coordination then
(14:02 / Allies) Pinch.A.Loaf: kk
(17:06 / Allies) Zerdel.x: now wat?
(17:21 / Allies) teelo: now you stop making knights against frosts
(17:30 / Allies) Zerdel.x: i have erything
(17:54 / Allies) Zerdel.x: wtf
(17:56 / Allies) Zerdel.x: dont go in alone..
(19:27 / Allies) Zerdel.x: wow
(19:57 / Allies) Zerdel.x: meet
(19:58 / Allies) Zerdel.x: and atk
(20:19 / Allies) Zerdel.x: come
(20:20 / Allies) teelo: damn pink spend your gold or give it to me
(20:22 / Allies) Zerdel.x: we need to atk
(20:23 / Allies) Zerdel.x: first
(20:32 / Allies) Pinch.A.Loaf: dude, i lost all my bunkers
(20:35 / Allies) Pinch.A.Loaf: chill the fuck out
(20:36 / Allies) Zerdel.x: come
(20:41 / Allies) Zerdel.x: otehrwise
(20:43 / Allies) Zerdel.x: thye will keep
(20:46 / Allies) Zerdel.x: harassing
(20:46 / Allies) Pinch.A.Loaf: now i lost my base
(20:50 / Allies) Pinch.A.Loaf: kthx
(20:51 / Allies) Zerdel.x: bc
(20:52 / Allies) Zerdel.x: u waited
(20:56 / Allies) Zerdel.x: those with units
(20:58 / Allies) Zerdel.x: come
(20:58 / Allies) Zerdel.x: lest atk
(21:10 / Allies) Zerdel.x: bring w,e u have
(21:10 / Allies) Pinch.A.Loaf: i have nothing i lost everything i didn't fuckin wait
(21:11 / Allies) Pinch.A.Loaf: lol
(21:19 / Allies) Zerdel.x: u have hero
(21:22 / Allies) teelo: you would have something if you'd give me half your gold
(21:34 / Allies) Pinch.A.Loaf: i'm squelching you yellow
(21:36 / Allies) Pinch.A.Loaf: fuck off
(21:44 / Allies) teelo: lol squelched, I'm so scared
(26:51 / All) Zerdel.x: feel free to stay
(26:59 / All) Rickessy: ill cheelĂ
(27:11 / All) teelo: stay please I'm working on achievements